 Dungeon Crawl Stone Soup version 0.19.4-9-g45fd643 (console) character file.

3063 Grinner the Grappler (level 9, -4/80 HPs)
             Began as a Troll Monk on Feb 20, 2017.
             Slain by an ogre
             ... wielding a +0 giant spiked club
              (31 damage)
             ... on level 5 of the Dungeon.
             The game lasted 00:12:05 (4119 turns).

Grinner the Grappler (Troll Monk)                   Turns: 4119, Time: 00:12:06

Health: -4/80      AC:  6    Str: 24    XL:     9   Next: 57%
Magic:  8/8        EV: 10    Int:  8    God:
Gold:   255        SH:  0    Dex: 12    Spells: 1 memorised, 7 levels left

rFire  . . .     SeeInvis .       - Unarmed
rCold  . . .     Gourm    +     a - +0 robe
rNeg   . . .     Faith    .     (no shield)
rPois  .         Spirit   .     (helmet restricted)
rElec  .         Reflect  .     o - +0 cloak
rCorr  .         Harm     .     (gloves unavailable)
MR     .....                    (boots unavailable)
Stlth  ++........               t - amulet of regeneration
                                x - ring of flight
                                j - +2 ring of intelligence

@: no status effects
A: unfitting armour, claws 3, fast metabolism 3, gourmand, regeneration 2,
shaggy fur 1, tough skin 2
a: Evoke Flight


You were on level 5 of the Dungeon.
You were completely stuffed.

You visited 1 branch of the dungeon, and saw 5 of its levels.
You also visited: Ossuary.

You collected 255 gold pieces.

Inventory:

Armour
 a - a +0 robe (worn)
 o - a +0 cloak (worn)
Jewellery
 j - a +2 ring of intelligence (left claw)
 t - an amulet of regeneration (around neck)
 x - a ring of flight (right claw)
Wands
 p - a wand of paralysis (8/24)
Scrolls
 c - 3 scrolls of fear {unknown}
 d - 2 scrolls of random uselessness {unknown}
 e - a scroll of magic mapping {unknown}
 g - a scroll of noise {unknown}
 h - 7 scrolls of identify {unknown}
 i - 2 scrolls of amnesia {unknown}
 n - a scroll of teleportation {unknown}
 r - 4 scrolls of remove curse {unknown}
 s - 2 scrolls of immolation {unknown}
 v - a scroll of fog {unknown}
Potions
 f - 2 potions of brilliance
 q - 2 potions of curing
 u - a potion of mutation {unknown}
 w - 2 potions of haste {unknown}
 z - a potion of might {unknown}
 A - 3 potions of degeneration {unknown}
 B - a potion of agility {unknown}
 C - a potion of lignification {unknown}
Books
 y - a book of Misfortune

   Spells                             Type                      Level
   a - Confusing Touch                Hexes                        1
   b - Confuse                        Hexes                        3
   c - Gell's Gravitas                Hexes/Translocation          3
   d - Petrify                        Transmutation/Earth          4
   e - Metabolic Englaciation         Hexes/Ice                    5
   f - Yara's Violent Unravelling     Hexes/Transmutation          5
Comestibles
 b - 4 bread rations
 k - a meat ration
 l - a slice of pizza
 m - a royal jelly
 D - 7 chunks of flesh


   Skills:
 - Level 2.4 Fighting
 - Level 2.4 Dodging
 - Level 1.0 Stealth
 + Level 12.4 Unarmed Combat
 * Level 3.2 Hexes


You had 7 spell levels left.
You knew the following spells:

 Your Spells              Type           Power        Failure   Level  Hunger
x - Confusing Touch       Hex            #.....       14%         1    ##.....


Dungeon Overview and Level Annotations

Branches:
Dungeon (5/15)             Temple (0/1) D:5

Altars:
Dithmenos
Qazlal
Yredelemnul


Innate Abilities, Weirdness & Mutations

You are too large for most types of armour.
You have claws for hands.
Your metabolism is lightning-fast.
You like to eat raw meat.
You heal very quickly.
You are covered in fur. (AC +1)
You have very tough skin. (AC +2)


Message History

The gnoll is moderately wounded.
The gnoll barely misses you.
You barely miss the gnoll.
The gnoll is moderately wounded.
The gnoll hits you with a club. The gnoll completely misses you.
You claw the gnoll!
The gnoll is almost dead.
The ogre hits you with a giant spiked club!!
The gnoll hits you but does no damage.
You scratch the gnoll.
You kill the gnoll!
The gnoll hits you but does no damage. The ogre misses you.
The gnoll hits you from afar with a spear.
The ogre hits you with a giant spiked club!!
The gnoll barely misses you.
You claw the ogre!
The ogre is heavily wounded.
The gnoll hits you from afar with a spear.
The ogre hits you with a giant spiked club!!
You die...

###.....#.
..... ........
..........
....# #.......
.........##...#
#.......
.............#
##......
##..........#
###....
......))....#
##...
#......g...#
#..#
#....##O##.#
#...
......##@##.#
#..#
##..........#
#...
......#####.#
####
##..........#
.# ##
.....#####.# P
#. #. #.# #s##
# #.# . #.# #.
#.# #.#


You could see an ogre and a gnoll.

Vanquished Creatures
  The ghost of demenzo the Cudgeler, a novice OgAM (D:5)
  The ghost of rriegs the Skirmisher, a novice HOAK of Lugonu (D:4)
  A hippogriff (D:5)
  An ice beast (D:5)
  2 sky beasts
  A hornet zombie (Ossuary)
  The ghost of DarkTechnomancer the Skirmisher, an amateur DsAK of Lugonu (D:3)
  3 ogres
  A gnoll sergeant (D:5)
  2 wyvern zombies (Ossuary)
  A water moccasin zombie (Ossuary)
  3 scorpions
  2 howler monkeys (D:4)
  A crimson imp (D:3)
  A centaur zombie (Ossuary)
  4 bullfrog zombies (Ossuary)
  A quasit (D:5)
  A hound (D:4)
  Crazy Yiuf (D:2)
  2 orc priests (D:5)
  3 orc wizards
  Jessica (D:2)
  Natasha (thrice) (D:2)
  Ijyb (D:2)
  An iguana (D:4)
  2 hound zombies (Ossuary)
  14 mummies
  5 worker ant zombies (Ossuary)
  7 gnolls (D:5)
  4 adders
  2 oozes
  2 adder zombies (Ossuary)
  2 worms
  2 dart slugs
  A leopard gecko (D:1)
  3 orcs
  2 giant cockroaches
  4 hobgoblins
  6 jackals
  8 kobolds
  A quokka (D:5)
  A ball python (D:3)
  5 bats
  6 frilled lizards
  7 goblins
  A jackal zombie (Ossuary)
  A leopard gecko zombie (Ossuary)
  2 quokka zombies (Ossuary)
  3 rats
131 creatures vanquished.

Vanquished Creatures (others)
  A fungus (D:5)
1 creature vanquished.

Grand Total: 132 creatures vanquished

Notes
Turn   | Place    | Note
-------+----------+-------------------------------------------
     0 | D:1      | Grinner the Troll Monk began the quest for the Orb.
     0 | D:1      | Reached XP level 1. HP: 22/22 MP: 0/0
    88 | D:1      | Reached XP level 2. HP: 29/29 MP: 1/1
   654 | D:1      | Reached skill level 4 in Unarmed Combat
   816 | D:2      | Noticed Natasha
   823 | D:2      | Killed Natasha
   823 | D:2      | Reached XP level 3. HP: 19/36 MP: 2/2
   990 | D:2      | Noticed Natasha
   992 | D:2      | Killed Natasha
   992 | D:2      | Reached skill level 5 in Unarmed Combat
   992 | D:2      | Reached XP level 4. HP: 44/44 MP: 3/3
  1183 | D:2      | Noticed Jessica
  1188 | D:2      | Killed Jessica
  1197 | D:2      | Found a faded altar of an unknown god.
  1315 | D:2      | Noticed Natasha
  1320 | D:2      | Killed Natasha
  1320 | D:2      | Reached XP level 5. HP: 46/50 MP: 4/4
  1321 | D:2      | Noticed Ijyb
  1339 | D:2      | Killed Ijyb
  1339 | D:2      | Reached skill level 6 in Unarmed Combat
  1497 | D:3      | Noticed DarkTechnomancer's ghost (amateur DsAK)
  1498 | D:3      | Gained mutation: Your muscles are strong. (Str +2) [potion of beneficial mutation]
  1499 | D:3      | Gained mutation: You have large cloven feet. [potion of beneficial mutation]
  1510 | D:3      | Killed DarkTechnomancer's ghost
  1529 | D:3      | Reached XP level 6. HP: 58/59 MP: 5/5
  1597 | D:3      | Reached skill level 7 in Unarmed Combat
  1809 | D:3      | Found a shadowy altar of Dithmenos.
  2005 | D:2      | Found a runed door.
  2009 | D:2      | Noticed Crazy Yiuf
  2012 | D:2      | Killed Crazy Yiuf
  2233 | D:4      | Lost mutation: Your muscles are strong. (Str +2) [potion of cure mutation]
  2233 | D:4      | Lost mutation: You have large cloven feet. [potion of cure mutation]
  2395 | D:4      | Reached skill level 8 in Unarmed Combat
  2521 | D:4      | Reached XP level 7. HP: 66/66 MP: 6/6
  2668 | D:4      | Found a stormy altar of Qazlal.
  2810 | D:4      | Noticed rriegs's ghost (novice HOAK)
  2826 | D:4      | Killed rriegs's ghost
  2826 | D:4      | Reached skill level 9 in Unarmed Combat
  2826 | D:4      | Reached XP level 8. HP: 42/74 MP: 7/7
  3033 | D:4      | Reached skill level 10 in Unarmed Combat
  3061 | D:5      | Entered Level 5 of the Dungeon
  3068 | D:5      | Noticed a hippogriff
  3074 | D:5      | Killed a hippogriff
  3100 | D:5      | Gained mutation: You heal very quickly. [mutagenic meat]
  3130 | D:5      | Found a sand-covered staircase.
  3140 | Ossuary  | Entered an ossuary
  3195 | Ossuary  | Reached skill level 11 in Unarmed Combat
  3394 | Ossuary  | Reached XP level 9. HP: 77/80 MP: 8/8
  3407 | Ossuary  | Reached skill level 12 in Unarmed Combat
  3552 | D:5      | Noticed demenzo's ghost (novice OgAM)
  3595 | D:4      | Learned a level 1 spell: Confusing Touch
  3611 | D:5      | Killed demenzo's ghost
  3611 | D:5      | Reached skill level 1 in Hexes
  3903 | D:5      | Found a staircase to the Ecumenical Temple.
  4009 | D:5      | Found a basalt altar of Yredelemnul.
  4119 | D:5      | Slain by an ogre

Skill      XL: |  1  2  3  4  5  6  7  8  9 |
---------------+----------------------------+-----
Unarmed Combat | 4 5 6 8 9 11 12 | 12.4
Hexes          | 3 |  3.2
Fighting       | |  2.4
Dodging        | |  2.4
Stealth        | |  1.0

Action                   |  1- 3 |  4- 6 |  7- 9 || total
-------------------------+-------+-------+-------++-------
Melee: Unarmed           |    52 |   140 |   220 ||   412
       Punch             |     2 |     4 |    11 ||    17
       Kick              |       |    17 |       ||    17
 Cast: Confusing Touch   |       |       |     1 ||     1
 Abil: Evoke Flight      |       |       |     2 ||     2
       Stop Flying       |       |       |     1 ||     1
  Use: Potion            |       |     4 |       ||     4
 Stab: Sleeping          |     1 |       |       ||     1
       Held in net/web   |       |       |     1 ||     1
       Distracted        |       |       |     1 ||     1
       Confused          |       |       |     1 ||     1
  Eat: Chunk             |     5 |    14 |    21 ||    40
       Bread ration      |       |       |     1 ||     1
Armor: Robe              |    13 |    53 |    28 ||    94
Dodge: Dodged            |    23 |    74 |    81 ||   178
